 Dungeon Crawl Stone Soup version 0.31-a0-187-gba352fbbf7 (webtiles) character file.

Game seed: 2071231775107661463

70 qw the Shooter (level 4, -3/25 HPs)
             Began as a Deep Elf Hunter on June 22, 2023.
             Killed by divine providence
             ... invoked by an orc priest
              (9 damage)
             ... on level 3 of the Dungeon.
             The game lasted 00:00:34 (1437 turns).

qw the Shooter (Deep Elf Hunter)                    Turns: 1437, Time: 00:00:34

Health: -3/25      AC:  3    Str: 10    XL:     4   Next: 3%
Magic:  0/6        EV: 12    Int: 14    God:
Gold:   103        SH:  0    Dex: 18    Spells: 3/3 levels left

rFire   . . .        Y - +0 shortbow
rCold   . . .        (shield currently unavailable)
rNeg    . . .        c - +0 leather armour
rPois   .            (no helmet)
rElec   .            (no cloak)
rCorr   .            (no gloves)
SInv    .            (no boots)
Will    .....        i - amulet of guardian spirit
Stlth   ++           (no ring)
HPRegen 0.24/turn    (no ring)
MPRegen 0.10/turn

%: guardian spirit
@: no status effects
A: no striking features
a: no special abilities


You were on level 3 of the Dungeon.
You visited 1 branch of the dungeon, and saw 3 of its levels.

You collected 103 gold pieces.


   Skills:
 - Level 1.5 Fighting
 + Level 7.4 Ranged Weapons
 - Level 2.4 Dodging
 - Level 1.2 Stealth


You had 3 spell levels left.
You didn't know any spells.
Your spell library was empty.

Inventory:

Hand Weapons
 Y - a +0 shortbow (weapon)
Armour
 c - a +0 leather armour (worn)
 e - a +0 ring mail
Jewellery
 i - an amulet of guardian spirit (around neck)
Scrolls
 a - 2 scrolls of identify
 f - a scroll of blinking {unknown}
Potions
 b - 2 potions of might
 d - a potion of resistance {unknown}
 g - a potion of degeneration {unknown}
 h - a potion of heal wounds {unknown}
 k - a potion of berserk rage {unknown}

Dungeon Overview and Level Annotations

Branches:
Dungeon (3/15)

Altars:
Dithmenos


Message History

An orc comes into view. It is wielding a +0 hand axe.
Enter note: You shoot an arrow.
The arrow hits the orc!
You kill the orc!
You have reached level 4!
You feel clever.
Found 7 stones.
Enter note: 3 orcs come into view.
Things that are here:
a +0 hand axe; an orc corpse
Enter note: You shoot an arrow.
The arrow hits the orc.
The orc shouts!
The orc is severely wounded.
The orc shouts!
You hear a shout!
An orc priest comes into view. It is wielding a +0 club.
The orc shouts!
You shoot an arrow. The arrow hits the orc.
You kill the orc!
You shoot an arrow. The arrow barely misses the orc.
The orc hits you with a +0 dagger.
You shoot an arrow. The arrow closely misses the orc.
You shoot an arrow. The arrow barely misses the orc.
The orc misses you.
The orc priest mumbles some strange prayers to Beogh against you.
Beogh smites you!
You shoot an arrow. The arrow closely misses the orc.
The orc hits you but does no damage. x2
You shoot an arrow. The arrow closely misses the orc.
The orc barely misses you. The orc closely misses you.
You shoot an arrow. The arrow hits the orc.
The orc is severely wounded.
The orc misses you. The orc barely misses you. x2
The orc priest calls upon Beogh to heal the orc.
The orc's wounds heal themselves!
The orc barely misses you.
You shoot an arrow. The arrow closely misses the orc.
The orc hits you with a +0 flail!
The orc priest invokes the aid of Beogh against you.
Beogh smites you!
You die...

# #. ###.#
...$.#######.#
.###
.......ooo...+
.... #...@#
#...
#....##.##
#... ... #..#
#... # ##.# #
#.# #
#.####### ##
#........ ##.
#.####### .#..
#.# #....


You could see an orc priest and 2 orcs.

Vanquished Creatures
  An adder (D:2)
  A worm (D:3)
  2 dart slugs (D:2)
  3 orcs (D:3)
  3 bats
  2 endoplasms
  A giant cockroach (D:2)
  8 goblins
  4 hobgoblins
  7 kobolds
  3 quokkas
  5 ball pythons
  3 frilled lizards
  3 rats
46 creatures vanquished.

Notes
Turn   | Place    | Note
-------+----------+-------------------------------------------
     0 | D:1      | qw the Deep Elf Hunter began the quest for the Orb.
     0 | D:1      | Reached XP level 1. HP: 12/12 MP: 3/3
     0 | D:1      | 0 ||| qw: Version: 0.3-a-9-g12657ce
     0 | D:1      | 0 ||| qw: Game counter: 2643
     0 | D:1      | 0 ||| qw: Always use a shield: true
     0 | D:1      | 0 ||| qw: God list: Okawaru
     0 | D:1      | 0 ||| qw: Allow faded altars: false
     0 | D:1      | 0 ||| qw: Do Orc after D:15 true
     0 | D:1      | 0 ||| qw: Do second Lair branch before Depths: true
     0 | D:1      | 0 ||| qw: Lair rune preference: random
     0 | D:1      | 0 ||| qw: Plans: Normal
     0 | D:1      | 0 ||| PLANNING D:1-11
    45 | D:1      | Found a faded altar of an unknown god.
   230 | D:1      | Reached skill level 6 in Ranged Weapons
   230 | D:1      | Reached XP level 2. HP: 16/16 MP: 4/4
   450 | D:1      | 450 ||| UPGRADING to amulet of guardian spirit.
   455 | D:1      | 455 ||| READING scroll labelled JALOQ XIOZUG.
   456 | D:1      | 456 ||| READING scroll labelled HULYAR CYPEBYR.
   457 | D:1      | 457 ||| READING scroll labelled GURECV ALIU.
   458 | D:1      | 458 ||| READING scroll labelled GIJAOMNAAH.
   459 | D:1      | 459 ||| READING scroll labelled FUBRYGRADAE.
   560 | D:1      | 560 ||| DROPPING scroll of butterflies.
   688 | D:2      | Reached XP level 3. HP: 20/20 MP: 5/5
   978 | D:2      | Reached skill level 7 in Ranged Weapons
  1236 | D:2      | 1236 ||| READING scroll labelled INUURCH ZENU.
  1237 | D:2      | 1237 ||| DRINKING 3 murky golden potions.
  1238 | D:2      | 1238 ||| DRINKING 2 metallic yellow potions.
  1259 | D:2      | 1259 ||| DROPPING potion of lignification.
  1341 | D:3      | Found a shadowy altar of Dithmenos.
  1421 | D:3      | Reached XP level 4. HP: 25/25 MP: 6/6
  1437 | D:3      | HP: 6/25 [orc/+0 flail (7)]
  1437 | D:3      | Killed from afar by an orc priest

Levels and vault maps discovered:
D:1:      minmay_arrival_solitary_statue, layout_loops_ring,
          chequers_ecumenical_altar_simple_redux, solitary_fountain,
          chequers_serial_rivers_micro_a
D:2:      layout_basic
D:3:      minmay_recursive_quarters, layout_basic,
          mainiacjoe_overflow_six_doors_small, st_stairs_3

Skill      XL: |  1  2  3 |
---------------+----------+-----
Ranged Weapons | 6 7 |  7.4
Fighting       | |  1.5
Dodging        | |  2.4
Stealth        | |  1.2

Action                     |  1- 3 |  4- 6 || total
---------------------------+-------+-------++-------
   Fire: Shortbow          |   110 |     9 ||   119
    Use: Scroll            |     6 |       ||     6
         Potion            |     2 |       ||     2
 Armour: Leather armour    |     3 |     2 ||     5
  Dodge: Dodged            |    19 |     7 ||    26

Table legend:
 A = Non-vault XP
 B = Vault XP
 C = Vault XP percentage of total XP
 D = Non-vault monster count
 E = Vault monster count
 F = Vault count percentage of total count
                 A         B        C        D         E       F
            +---------+---------+-------+---------+---------+-------
      Total |      93 |       7 |   7.0 |      44 |       2 |   4.3
            +---------+---------+-------+---------+---------+-------
        D:1 |      20 |       0 |   0.0 |      12 |       0 |   0.0
        D:2 |      59 |       0 |   0.0 |      26 |       0 |   0.0
        D:3 |      14 |       7 |  33.3 |       6 |       2 |  25.0
            +---------+---------+-------+---------+---------+-------
